 Dungeon Crawl Stone Soup version 0.28.0-1-gb440e238dd (webtiles) character file.

Game seed: 10278008098570217965

4984 Woods the Thaumaturge (level 10, -1/73 HPs)
             Began as a Djinni Fire Elementalist on Feb 24, 2022.
             Was a Believer of Makhleb.
             Slain by a meliai (3 damage)
             ... on level 9 of the Dungeon on Feb 25, 2022.
             The game lasted 00:20:32 (13441 turns).

Woods the Thaumaturge (Djinni Fire Elementalist)   Turns: 13441, Time: 00:20:32

Health: -1/73      AC:  5    Str:  7    XL:     10   Next: 83%
Gold:   497        EV: 14    Int: 22    God:    Makhleb [**....] SH:  0 Dex: 13

rFire   + + .      SeeInvis .   (no weapon)
rCold   x . .      Faith    .   (no shield)
rNeg    . . .      Spirit   .   a - +0 robe
rPois   ∞          Reflect  .   y - +2 hat
rElec   .          Harm     .   t - scarf {repulsion}
rCorr   .          Rampage  .   E - +0 pair of gloves
Will    +....                   (boots unavailable)
Stlth   ++........              H - amulet of regeneration
HPRegen 1.02/turn               (no ring)
MPRegen 0.00/turn               (no ring)

@: flying, repel missiles
A: sickness immunity, fire resistance 2, cold vulnerability 1, float, innate
caster, HP casting, extra vitality 1
a: Renounce Religion, Minor Destruction


You were on level 9 of the Dungeon.
You worshipped Makhleb.
Makhleb was pleased with you.
You visited 2 branches of the dungeon, and saw 10 of its levels.
You also visited: Ossuary.

You collected 497 gold pieces.

Inventory:

Armour
 a - a +0 robe (worn)
 t - a scarf of repulsion (worn)
 y - a +2 hat (worn)
 E - a +0 pair of gloves (worn)
Jewellery
 H - an amulet of regeneration (around neck)
Wands
 k - a wand of mindburst (10)
 o - a wand of acid (7)
 v - a wand of flame (23)
Scrolls
 d - 3 scrolls of identify
 g - 3 scrolls of noise
 j - a scroll of blinking {unknown}
 m - a scroll of enchant weapon {unknown}
 n - 2 scrolls of immolation
 p - a scroll of magic mapping {unknown}
 s - a scroll of torment {unknown}
 u - a scroll of enchant armour {unknown}
 w - 3 scrolls of teleportation {unknown}
 x - a scroll of fog {unknown}
 z - a scroll of summoning {unknown}
 D - a scroll of fear {unknown}
 G - a scroll of vulnerability {unknown}
Potions
 b - 2 potions of might {unknown}
 c - 2 potions of invisibility {unknown}
 e - 5 potions of degeneration {unknown}
 f - a potion of mutation {unknown}
 h - 4 potions of curing {unknown}
 i - 2 potions of heal wounds {unknown}
 q - 2 potions of berserk rage {unknown}
 r - a potion of lignification {unknown}
 A - a potion of magic {unknown}
 B - a potion of brilliance {unknown}
 C - 2 potions of attraction {unknown}
 F - a potion of haste {unknown}
Miscellaneous
 l - a lightning rod (3/4)


   Skills:
 + Level 6.3 Fighting
 + Level 5.5 Dodging
 * Level 3.1 Stealth
 - Level 10.0 Spellcasting
 + Level 1.7 Invocations


You had 8 spell levels left.
You knew the following spells:

 Your Spells              Type           Power      Damage    Failure   Level
a - Foxfire               Conj/Fire      100%       2x1d9     1%          1
b - Scorch                Fire           100%       2d10      1%          2
c - Conjure Flame         Conj/Fire      53%        6-21      1%          3
d - Inner Flame           Hex/Fire       53%        N/A       1%          3
e - Flame Wave            Conj/Fire      53%        2d11      1%          4
f - Slow                  Hex            100%       N/A       1%          1
g - Poisonous Vapours     Pois/Air       100%       N/A       1%          2
h - Corpse Rot            Necr/Air       100%       N/A       1%          2
i - Tukima's Dance        Hex            53%        N/A       1%          3
Your spell library was empty.

Dungeon Overview and Level Annotations

Branches:
Dungeon (9/15)             Temple (1/1) D:6         Ossuary (visited)
   Lair: D:8-11         Orc: D:9-12

Altars:
Ashenzari
Cheibriados
Dithmenos
Elyvilon
Fedhas
Gozag
Hepliaklqana
Kikubaaqudgha
Makhleb
Nemelex Xobeh
Okawaru
Qazlal
Ru
Sif Muna
Trog
Uskayaw
Vehumet
Wu Jian
Xom
Yredelemnul
Zin
The Shining One

Shops:
D:4 *

Annotations:
D:5 2 runed translucent doors, Icepheonix32's ghost, weakling DsDe


Innate Abilities, Weirdness & Mutations

You are immune to sickness and miasma.
You are immune to poison.
Your flesh is very heat resistant. (rF++)
You are vulnerable to cold. (rC-)
You float through the air rather than walking.
You learn spells naturally, not from books.
Your magical power is your life essence.
You have superior vitality. (+4 MHP)


Message History

The skeletal warrior is moderately damaged.
Casting: Scorch (safe; 1% risk of failure)
Confirm with . or Enter, or press ? or * to list all spells.
Flames lash the skeletal warrior but do no damage.
The meliai buzzes angrily.
The meliai barely misses you. The meliai stings you.
The meliai calls down the wrath of its god upon you.
Something smites you! The meliai hits you with a +0 falchion!
The meliai barely misses you.
Casting: Scorch (safe; 1% risk of failure)
Confirm with . or Enter, or press ? or * to list all spells.
Flames lash the meliai.
The meliai is heavily wounded.
The meliai's fire resistance burns away.
The meliai hits you with a +0 falchion! The meliai stings you.
The meliai calls down the wrath of its god upon you.
Something smites you!
Aiming: Thunderbolt
Press: ? - help, Shift-Dir - straight line, f/p - skeletal warrior
Aim: a skeletal warrior, wielding a +0 scimitar (lightly damaged)
The thunderbolt hits the meliai!
The meliai is almost dead.
The thunderbolt hits the skeletal warrior.
The skeletal warrior is moderately damaged.
The meliai hits you with a +0 falchion!
* * * LOW HITPOINT WARNING * * *
The meliai stings you but does no damage.
The meliai invokes the aid of its god against you.
Something smites you!
* * * LOW HITPOINT WARNING * * *
Casting: Scorch (safe; 1% risk of failure)
Confirm with . or Enter, or press ? or * to list all spells.
Flames lash the skeletal warrior.
The skeletal warrior is moderately damaged.
The skeletal warrior's fire resistance burns away.
* * * LOW HITPOINT WARNING * * *
The meliai hits you with a +0 falchion.
* * * LOW HITPOINT WARNING * * *
The meliai stings you.
You die...

#...........#########
#.###.......# #.#
#.......# #.#
#.......# #.#
#..####.#
#.###.......#
#...z.......#
#...y#'######
#...@#... #....#.....
#....#.......
#....#######. #....#
#....# #.##.# #.##.#
#....##


You could see a skeletal warrior (combustible) and a meliai (combustible).

Vanquished Creatures
  A centaur warrior (D:9)
  A shadow (D:7)
  A wyvern (D:9)
  A wraith (D:7)
  A steam dragon (D:9)
  A swamp worm (D:8)
  3 water moccasins
  A black bear (D:6)
  2 sky beasts (D:7)
  4 ice beasts
  2 ogres (D:5)
  2 phantoms
  A bullfrog (D:8)
  A kobold brigand (D:7)
  A scorpion (D:7)
  A gnoll sergeant (D:8)
  2 water moccasin zombies (Ossuary)
  A water moccasin skeleton (D:3)
  9 wights
  6 killer bees
  2 howler monkeys
  3 bullfrog zombies
  3 centaur zombies
  2 centaur skeletons (D:7)
  An orc priest (D:8)
  3 gnoll shamans
  3 hounds
  A bullfrog skeleton (D:7)
  5 orc wizards
  Ijyb (D:3)
  Natasha (thrice) (D:2)
  2 iguanas
  A scorpion zombie (D:5)
  Terence (D:2)
  A killer bee zombie (D:7)
  2 mummies (Ossuary)
  24 gnolls
  7 adders
  An adder skeleton (D:4)
  2 adder zombies (Ossuary)
  3 worms
  2 dart slugs
  15 orcs
  5 endoplasms
  3 giant cockroaches
  3 gnoll zombies (Ossuary)
  8 goblins
  8 hobgoblins
  11 jackals
  10 kobolds
  5 quokkas
  10 ball pythons
  8 bats
  A frilled lizard (D:1)
  6 hobgoblin zombies (Ossuary)
  3 kobold zombies (Ossuary)
  5 orc zombies (Ossuary)
  4 rats
220 creatures vanquished.

Vanquished Creatures (collateral kills)
  4 foxfires
4 creatures vanquished.

Vanquished Creatures (others)
  366 foxfires
  2 plants (D:8)
368 creatures vanquished.

Grand Total: 592 creatures vanquished

Notes
Turn   | Place    | Note
-------+----------+-------------------------------------------
     0 | D:1      | Woods the Djinni Fire Elementalist began the quest for the
                  | Orb.
     0 | D:1      | Reached XP level 1. HP: 15/15 MP: 0/0
   186 | D:1      | Reached XP level 2. HP: 15/21 MP: 0/0
   271 | D:1      | Reached skill level 3 in Spellcasting
   376 | D:1      | Reached XP level 3. HP: 22/25 MP: 0/0
   376 | D:1      | Learned a level 1 spell: Slow
   441 | D:1      | Found a faded altar of an unknown god.
  1098 | D:1      | Reached XP level 4. HP: 30/31 MP: 0/0
  1734 | D:2      | Reached skill level 4 in Spellcasting
  2015 | D:2      | Reached XP level 5. HP: 31/35 MP: 0/0
  2015 | D:2      | Learned a level 2 spell: Poisonous Vapours
  2258 | D:2      | Noticed Terence
  2269 | D:2      | Killed Terence
  2956 | D:2      | Noticed Natasha
  2960 | D:2      | Killed Natasha
  3467 | D:2      | Noticed Natasha
  3474 | D:2      | Killed Natasha
  3475 | D:2      | Reached XP level 6. HP: 19/40 MP: 0/0
  3828 | D:2      | Noticed Natasha
  3833 | D:2      | Killed Natasha
  3876 | D:3      | Noticed an ice beast
  3882 | D:3      | Killed an ice beast
  3883 | D:3      | Reached skill level 5 in Spellcasting
  4149 | D:3      | Reached XP level 7. HP: 30/45 MP: 0/0
  4149 | D:3      | Learned a level 2 spell: Corpse Rot
  4490 | D:3      | Noticed Ijyb
  4494 | D:3      | Killed Ijyb
  4924 | D:4      | Reached skill level 6 in Spellcasting
  5212 | D:4      | Noticed a water moccasin
  5222 | D:4      | Reached skill level 1 in Fighting
  5227 | D:4      | Killed a water moccasin
  5513 | D:4      | Reached XP level 8. HP: 48/55 MP: 0/0
  5851 | D:4      | Found Satiuree's Gadget Gallery.
  5949 | D:4      | You are sucked into a shaft and drop 1 floor!
  5949 | D:5      | Entered Level 5 of the Dungeon
  6273 | D:5      | Reached skill level 5 in Dodging
  6314 | D:5      | Reached skill level 5 in Fighting
  6688 | D:5      | Found a large runed translucent door.
  6688 | D:5      | Found a large runed translucent door.
  6691 | D:5      | Noticed Icepheonix32's ghost (weakling DsDe)
  7002 | D:6      | Found a staircase to the Ecumenical Temple.
  7033 | Temple   | Entered the Ecumenical Temple
  7324 | Temple   | Became a worshipper of Makhleb the Destroyer
  7376 | D:6      | Reached XP level 9. HP: 58/66 MP: 0/0
  7376 | D:6      | Learned a level 3 spell: Tukima's Dance
  7889 | D:7      | Reached skill level 7 in Spellcasting
  9006 | D:7      | Reached * piety under Makhleb
  9314 | D:7      | Reached skill level 8 in Spellcasting
  9972 | D:7      | Reached XP level 10. HP: 20/72 MP: 0/0
 10404 | D:7      | Reached skill level 9 in Spellcasting
 10673 | D:8      | Found a sand-covered staircase.
 10683 | Ossuary  | Entered an ossuary
 11450 | D:8      | Reached ** piety under Makhleb
 11998 | D:8      | Found a white marble altar of Elyvilon.
 12800 | D:9      | Reached skill level 10 in Spellcasting
 12813 | D:9      | Noticed a centaur warrior
 13309 | D:9      | Noticed a skeletal warrior
 13316 | D:9      | Killed a centaur warrior
 13317 | D:9      | Reached skill level 1 in Invocations
 13441 | D:9      | HP: 2/73 [meliai (2)]
 13441 | D:9      | Slain by a meliai

Illustrated notes

Levels and vault maps discovered:
D:1:      dpeg_arrival_stone_temple_mockup, layout_loops_ring,
          shapermc_ecumenical_altar_ellora
D:2:      layout_basic, uniq_terence, uniq_natasha
D:3:      layout_rooms, uniq_ijyb
D:4:      layout_rooms, nicolae_shop_gadgets
D:5:      layout_cave_pools, ebering_ghost_disaster_area
D:6:      layout_cave_pools, minmay_temple_entry_junction
D:7:      nzn_winding_woodlands_medium [nzn_winding_woodlands_5x5_three,
          nzn_winding_woodlands_5x15_sidewinder,
          nzn_winding_woodlands_5x5_perimeter,
          nzn_winding_woodlands_5x5_open_star,
          nzn_winding_woodlands_center_lodge,
          nzn_winding_woodlands_5x5_closed_star,
          nzn_winding_woodlands_5x5_default,
          nzn_winding_woodlands_5x15_sawtooth, nzn_winding_woodlands_5x5_cross],
          layout_rooms, enter_bailey_4
D:8:      layout_gridville, lemuel_round_altar, enter_ossuary_1, worms_lemuel
D:9:      layout_stronghold, minmay_diamond_spiral
Temple:   roderic_octagonal_lattice_temple

Skill      XL: |  1  2  3  4  5  6  7  8  9 10 |
---------------+-------------------------------+-----
Spellcasting   | 3 4 5 6 8 10 | 10.0
Fighting       | 2 6 |  6.3
Dodging        | 4 5 |  5.5
Stealth        | 3 |  3.1
Invocations    | 1 |  1.7

Action                   |  1- 3 |  4- 6 |  7- 9 | 10-12 || total
-------------------------+-------+-------+-------+-------++-------
Melee: Unarmed           |     1 |       |     4 |     6 ||    11
       Punch             |       |       |       |     1 ||     1
 Cast: Foxfire           |    54 |    33 |    80 |    65 ||   232
       Scorch            |       |    32 |    95 |    54 ||   181
       Inner Flame       |       |     7 |    31 |    27 ||    65
       Conjure Flame     |       |     2 |     9 |     3 ||    14
       Flame Wave        |       |       |     2 |     4 ||     6
Evoke: Lightning rod     |       |       |       |     1 ||     1
  Use: Scroll            |       |       |     2 |       ||     2
Armor: Robe              |     2 |     2 |    13 |     2 ||    19
Dodge: Dodged            |     5 |     7 |    45 |    17 ||    74
